 Dungeon Crawl Stone Soup version 0.30-a0-1066-g63dfefce0d (webtiles) character file.

Game seed: 4993020222265831894

133 hwolsky the Ducker (level 5, -3/35 HPs)
             Began as a Djinni Fire Elementalist on Apr 12, 2023.
             Slain by a white imp (7 damage)
             ... summoned by Eustachio
             ... on level 4 of the Dungeon.
             The game lasted 00:16:31 (3220 turns).

hwolsky the Ducker (Djinni Fire Elementalist)       Turns: 3220, Time: 00:16:31

Health: -3/35      AC:  7    Str:  9 (10) XL:     5   Next: 39%
Gold:   836        EV: 12    Int: 18      God:
                   SH:  0    Dex:  9 (14)

rFire   + + .      SeeInvis .    e - +0 short sword
rCold   x x .      Faith    .    (no shield)
rNeg    . . .      Spirit   .    a - +0 robe
rPois   ∞          Reflect  .    (no helmet)
rElec   .          Rampage  .    (no cloak)
rCorr   .          Clarity  +    b - +2 pair of gloves {Str+3}
Will    .....                    (boots unavailable)
Stlth   ++                       (no amulet)
HPRegen 0.25/turn                (no ring)
MPRegen 0.00/turn                (no ring)

@: brilliant, flying, very slightly contaminated
A: sickness immunity, fire resistance 2, cold vulnerability 2, float, innate
caster, HP casting, extra vitality 1, iridescent scales 1, clarity
a: no special abilities


You were on level 4 of the Dungeon.
You visited 1 branch of the dungeon, and saw 4 of its levels.

You collected 836 gold pieces.

Inventory:

Hand Weapons
 e - a +0 short sword (weapon)
Armour
 a - a +0 robe (worn)
 b - a +2 pair of gloves of strength (worn)
Scrolls
 c - 2 scrolls of noise
 d - 3 scrolls of teleportation
Potions
 f - 3 potions of haste


   Skills:
 * Level 3.9 Dodging
 + Level 2.7 Stealth
 * Level 3.2 Spellcasting


You knew the following spells:

 Your Spells              Type           Power      Damage    Failure   Level
a - Foxfire               Conj/Fire      84%        2x1d8     4%          1
b - Scorch                Fire           42%        2d7       6%          2
c - Volatile Blastmotes   Fire/Tloc      42%        2d13      13%         3
d - Inner Flame           Hex/Fire       21%        N/A       13%         3
e - Flame Wave            Conj/Fire      21%        2d8       38%         4
f - Beastly Appendage     Tmut           42%        N/A       4%          1
g - Wereblood             Tmut           21%        N/A       6%          2
Your spell library was empty.

Dungeon Overview and Level Annotations

Branches:
Dungeon (4/15)
 Temple: D:4-7

Altars:
Okawaru
The Shining One

Shops:
D:1 !

Annotations:
D:4 Eustachio


Innate Abilities, Weirdness & Mutations

You are immune to sickness and miasma.
You are immune to poison.
Your flesh is very heat resistant. (rF++)
You are very vulnerable to cold. (rC--)
You float through the air rather than walking.
You learn spells naturally, not from books.
Your magical power is your life essence.
You have superior vitality. (+4 MHP)
You are partially covered in iridescent scales. (AC +2)
You possess an exceptional clarity of mind.


Message History

The quasit closely misses you.
You miss the quasit.
The quasit is moderately wounded.
The foxfire hits the quasit but does no damage.
The quasit is moderately wounded.
The quasit completely misses you.
The quasit claws you but does no damage.
The quasit closely misses you.
You conjure some foxfire!
The quasit barely misses you.
The quasit claws you but does no damage.
The quasit barely misses you.
You hit the quasit.
The quasit is heavily wounded.
The foxfire hits the quasit.
The quasit completely resists.
The quasit is heavily wounded.
The quasit bites you. The quasit claws you. The quasit misses you.
The quasit bites you but does no damage.
The quasit closely misses you.
The quasit claws you but does no damage.
Your foxfire dissipates!
Eustachio mumbles some strange words.
You feel clever all of a sudden. The quasit bites you.
You feel clumsy.
The quasit claws you but does no damage. x2
The white imp closely misses you.
Casting: Foxfire (safe; 4% risk of failure)
Confirm with . or Enter, or press ? or * to list all spells.
The spell is extremely dangerous to miscast (38% risk of failure)!
Continue anyway?
Casting: Flame Wave (extremely dangerous; 38% risk of failure)
Press: ? - help, Dir - look around, f - activate You feel a surge of power!
You miscast Flame Wave.
You are very lightly contaminated with residual magic.
Strange energies run through your body!
* * * LOW HITPOINT WARNING * * *
x2 The quasit disappears in a puff of smoke!
The white imp hits you.
* * * LOW HITPOINT WARNING * * *
The white imp freezes you!
You feel a terrible chill!
You die...

## # #.. #. #
##..####..@
####........@.
.............
...## #....####
# ..##
#......###@#
..# ##.....§@5#
..##
##...#####.#
...# #...## ##
#..## ##..##
#...###...#
.........##
..........#
..............
...###.........


You could see Eustachio (inner flame) and a white imp (summoned).

Vanquished Creatures
  A sleepcap (D:4)
  3 adders
  A worm (D:3)
  A dart slug (D:2)
  3 orcs
  6 ball pythons
  7 bats
  5 endoplasms
  2 giant cockroaches
  7 goblins
  7 hobgoblins
  3 jackals (D:2)
  6 kobolds
  2 quokkas
  2 frilled lizards
  7 rats
63 creatures vanquished.

Vanquished Creatures (others)
  94 foxfires
94 creatures vanquished.

Grand Total: 157 creatures vanquished

Notes
Turn   | Place    | Note
-------+----------+-------------------------------------------
     0 | D:1      | hwolsky the Djinni Fire Elementalist began the quest for
                  | the Orb.
     0 | D:1      | hwolsky set off with the following spells memorised:
                  | Foxfire, Scorch, Volatile Blastmotes, Inner Flame, Flame
                  | Wave.
     0 | D:1      | Reached XP level 1. HP: 15/15 MP: 0/0
   136 | D:1      | Identified 2 scrolls of acquirement
   136 | D:1      | Acquired 725 gold pieces
   142 | D:1      | Acquired a +2 pair of gloves of strength
   256 | D:1      | Reached XP level 2. HP: 18/21 MP: 0/0
   381 | D:1      | Gained mutation: You are very vulnerable to cold. (rC--)
                  | [potion of mutation]
   381 | D:1      | Gained mutation: You are partially covered in iridescent
                  | scales. (AC +2) [potion of mutation]
   381 | D:1      | Gained mutation: You possess an exceptional clarity of
                  | mind. [potion of mutation]
   535 | D:1      | Found Afumm's Distillery.
   619 | D:1      | Reached XP level 3. HP: 25/25 MP: 0/0
   619 | D:1      | Learned a level 1 spell: Beastly Appendage
  1280 | D:2      | Reached XP level 4. HP: 31/31 MP: 0/0
  2591 | D:3      | Found a glowing golden altar of the Shining One.
  2643 | D:3      | Found an iron altar of Okawaru.
  2996 | D:4      | Reached XP level 5. HP: 31/35 MP: 0/0
  2996 | D:4      | Learned a level 2 spell: Wereblood
  3196 | D:4      | Noticed Eustachio
  3220 | D:4      | Slain by a white imp

Illustrated notes

Levels and vault maps discovered:
D:1:      minmay_arrival_stone_box, layout_loops_ring, serial_shops, shop,
          minivault_19
D:2:      layout_basic, serial_corexii_hall, corexii_hall_statues_l,
          chequers_hall_statues_wall_a, minmay_misc_feat_five
D:3:      layout_rooms, nicolae_tso_carved_into_rock,
          mainiacjoe_overflow_tiny_flanked
D:4:      layout_layer_cave, ebering_ghost_reflecting_pool, uniq_eustachio

Skill      XL: |  1  2  3  4 |
---------------+-------------+-----
Stealth        | 2 |  2.7
Dodging        | 3 |  3.9
Spellcasting   | 3 |  3.2

Action                     |  1- 3 |  4- 6 || total
---------------------------+-------+-------++-------
  Melee: Unarmed           |    56 |     7 ||    63
         Headbutt          |     4 |       ||     4
         Short sword       |       |    78 ||    78
   Cast: Foxfire           |    30 |    31 ||    61
         Scorch            |    13 |    11 ||    24
         Beastly Appendage |     1 |       ||     1
         Inner Flame       |       |     2 ||     2
    Use: Scroll            |     7 |     4 ||    11
         Potion            |     4 |     5 ||     9
 Armour: Robe              |    37 |    59 ||    96
  Dodge: Dodged            |    46 |    97 ||   143

Table legend: (Time is in decaauts)
 A = Elapsed time spent in this place.
 B = Non-inter-level travel time spent in this place.
 C = Inter-level travel time spent in this place.
 D = Time resting spent in this place.
 E = Time spent auto-exploring this place.
 F = Levels seen in this place.
 G = Mean time per level.
                   A        B        C        D        E       F      G
               +--------+--------+--------+--------+--------+-----+--------+
         Total |   3218 |   3159 |     59 |    636 |   1761 |   4 |  804.5 |
       Dungeon |   3218 |   3159 |     59 |    636 |   1761 |   4 |  804.5 |
               +--------+--------+--------+--------+--------+-----+--------+

Top non-repeatable levels by time:
     D:2: 1386 daAuts
     D:1: 981 daAuts
     D:3: 537 daAuts
     D:4: 312 daAuts
